 Dungeon Crawl Stone Soup version 0.29-a0-393-g47a863cc1b (webtiles) character file.

Game seed: 10030224792722173944

91535 avis the Brawler (level 16, -4/332 HPs)
             Began as an Ogre Transmuter on May 9, 2022.
             Was an Initiate of Gozag.
             Slain by a tentacle (8 damage)
             ... attached to a kraken
             ... on level 1 of the Shoals on May 10, 2022.
             The game lasted 03:11:56 (27654 turns).

avis the Brawler (Ogre Transmuter)                 Turns: 27654, Time: 03:11:57

Health: -4/332     AC: 11    Str: 24    XL:     16   Next: 3%
Magic:  35/35      EV: 10    Int: 24    God:    Gozag
Gold:   3531       SH:  0    Dex:  9    Spells: 13/29 levels left

rFire   x . .      SeeInvis .     - Unarmed
rCold   + + +      Faith    .   (shield currently unavailable)
rNeg    . . .      Spirit   .   (body armour currently unavailable)
rPois   +          Reflect  .   (helmet currently unavailable)
rElec   .          Harm     .   (cloak currently unavailable)
rCorr   .          Rampage  .   (gloves unavailable)
Will    +....                   (boots unavailable)
Stlth   ..........              n - amulet of regeneration
HPRegen 1.45/turn               E - ring "Koli" {rC+ MP+9 Str+3}
MPRegen 0.24/turn               w - ring of Qoatzuuth {rC+ Str+3 Int+4}

@: berserking, ice-form (expiring), hasted, very quick
A: freezing attack, amphibious, boosted hp, large, unfitting armour, (tough skin
1)
a: End Transformation, Renounce Religion, Potion Petition, Call Merchant, Bribe
Branch


You were on level 1 of the Shoals.
You worshipped Gozag.
Gozag was most pleased with you.
You were a creature of crystalline ice.
You visited 6 branches of the dungeon, and saw 21 of its levels.
You visited the Abyss 1 time.
You also visited: Sewer, Bailey and Gauntlet.

You collected 6333 gold pieces.
You spent 1530 gold pieces at shops.
You paid 1272 gold pieces to Gozag.

Inventory:

Hand Weapons
 u - a +0 morningstar of protection
Missiles
 c - 19 large rocks (quivered)
 e - a boomerang
 I - 4 silver javelins
 R - 7 throwing nets
Armour
 r - a +2 kite shield (melded)
 v - a +1 cloak of willpower (melded)
 x - a +0 tower shield
 P - a +0 robe (melded)
Magical Staves
 a - a staff of cold (melded)
Jewellery
 b - a ring of see invisible
 g - the ring of Kadwi {Fire rPois rCorr}
   (You found it on level 11 of the Dungeon)

   [ring of fire]

   It enhances your fire magic.
   rF:        It protects you from fire.
   rC:        It makes you vulnerable to cold.
   rPois:     It protects you from poison.
   rCorr:     It protects you from acid and corrosion.
 n - an amulet of regeneration (around neck)
 w - the ring of Qoatzuuth (right front paw) {rC+ Str+3 Int+4}
   (You found it on level 2 of the Lair of Beasts)

   [ring of protection from cold]

   Str:       It affects your strength (+3).
   Int:       It affects your intelligence (+4).
   rC:        It protects you from cold.
 E - the ring "Koli" (left front paw) {rC+ MP+9 Str+3}
   (You found it on level 1 of the Snake Pit)

   [ring of magical power]

   Str:       It affects your strength (+3).
   rC:        It protects you from cold.
   MP:        It affects your magic capacity (+9).
Wands
 d - a wand of iceblast (6)
 j - a wand of paralysis (9)
 m - a wand of digging (3)
 B - a wand of charming (4)
 F - a wand of acid (6)
 M - a wand of mindburst (11)
 N - a wand of polymorph (20)
Scrolls
 h - 5 scrolls of magic mapping
 i - a scroll of enchant armour
 q - 12 scrolls of teleportation
 t - a scroll of enchant weapon
 C - 2 scrolls of amnesia
 W - a scroll of fog
 Y - a scroll of poison
 Z - 2 scrolls of summoning
Potions
 f - 2 potions of brilliance
 k - 3 potions of flight
 l - 2 potions of berserk rage
 o - 16 potions of curing
 p - a potion of cancellation
 s - a potion of resistance
 z - 2 potions of haste
 A - 2 potions of lignification
 D - 4 potions of magic
Miscellaneous
 y - a condenser vane
 S - a phantom mirror
 T - a piece from Xom's chessboard (15/15)


   Skills:
 + Level 18.0 Fighting
 + Level 7.1 Throwing
 - Level 5.0 Dodging
 - Level 10.0 Shields
 * Level 18.1 Unarmed Combat
 - Level 7.0 Spellcasting
 - Level 6.0 Transmutations
 - Level 5.0 Ice Magic
 - Level 1.0 Earth Magic
 - Level 2.0 Poison Magic


You had 13 spell levels left.
You knew the following spells:

 Your Spells              Type           Power      Damage    Failure   Level
a - Beastly Appendage     Tmut           74%        N/A       1%          1
b - Sting                 Tmut/Pois      100%       1d8       1%          1
c - Passwall              Tmut/Erth      20%        N/A       2%          2
e - Wereblood             Tmut           37%        N/A       1%          2
i - Ignite Poison         Fire/Tmut/Pois 21%        N/A       8%          3
p - Spider Form           Tmut/Pois      27%        N/A       4%          3
q - Ice Form              Ice/Tmut       34%        N/A       8%          4

Your spell library contained the following spells:

 Spells                   Type           Power      Damage    Failure   Level
 Ensorcelled Hibernation  Hex/Ice        40%        N/A       3%          2
 Animate Skeleton         Necr           16%        N/A       7%          1
 Apportation              Tloc           16%        N/A       7%          1
 Summon Small Mammal      Summ           32%        N/A       7%          1
 Poisonous Vapours        Pois/Air       26%        N/A       7%          2
 Mephitic Cloud           Conj/Pois/Air  11%        N/A       17%         3
 Call Canine Familiar     Summ           8%         N/A       22%         3
 Swiftness                Air            8%         N/A       22%         3
 Hailstorm                Conj/Ice       20%        3d6       26%         4
 Olgreb's Toxic Radiance  Pois           18%        N/A       30%         4
 Freezing Cloud           Conj/Ice/Air   8%         6-21      69%         5
 Simulacrum               Ice/Necr       10%        N/A       98%         6
 Death Channel            Necr           4%         N/A       100%        6


Dungeon Overview and Level Annotations

Branches:
Dungeon (11/15)            Temple (1/1) D:6            Lair (6/6) D:11
 Shoals (1/4) Lair:3        Snake (1/4) Lair:3        Slime (1/5) Lair:5
    Orc (0/2) D:11          Sewer (visited)          Bailey (visited)
Gauntlet (visited)

Altars:
Ashenzari
Cheibriados
Dithmenos
Elyvilon
Fedhas
Gozag
Hepliaklqana
Kikubaaqudgha
Makhleb
Nemelex Xobeh
Okawaru
Qazlal
Ru
Sif Muna
Trog
Uskayaw
Vehumet
Wu Jian
Xom
Yredelemnul
Zin
The Shining One

Shops:
D:3 :   D:5 *

Portals:
Hell: Lair:6


Innate Abilities, Weirdness & Mutations

You are a creature of crystalline ice.
You have a powerful freezing melee attack.
You are amphibious.
Your maximum health is increased.
Your armour is entirely melded.
You are incapable of wielding weapons or throwing items.
You are too large for most types of armour.
((You have tough skin. (AC +1)))


Message History

[c] - 348 gold - brilliance and magic Purchase which effect?
You feel much better.
You feel better.
A red film seems to cover your vision as you go berserk!
You feel yourself moving faster!
You feel mighty! Magic courses through your body.
Your transformation is almost over.
A tentacle segment bursts forth from the water. x2
The tentacle slaps you!
* * * LOW HITPOINT WARNING * * *
The tentacle slaps you!!
* * * LOW HITPOINT WARNING * * *
The tentacle slaps you but does no damage.
The kraken bites you!!
* * * LOW HITPOINT WARNING * * *
The tentacle misses you.
You hit the kraken but do no damage.
The kraken is severely wounded.
The tentacle closely misses you. The tentacle slaps you!
* * * LOW HITPOINT WARNING * * *
The tentacle barely misses you. x2
You hit the kraken but do no damage.
The kraken is severely wounded.
A tentacle segment bursts forth from the water. x2
The tentacle closely misses you.
You punch the kraken! You freeze the kraken.
The kraken is severely wounded.
The tentacle slaps you!
* * * LOW HITPOINT WARNING * * *
The tentacle slaps you but does no damage.
The tentacle slaps you.
* * * LOW HITPOINT WARNING * * *
The kraken bites you!
* * * LOW HITPOINT WARNING * * *
The tentacle misses you.
You punch the kraken! You freeze the kraken!
The kraken is almost dead.
The tentacle slaps you!
You die...
Your body crumbles into a pile of gold.

≈≈≈≈≈≈...=$##..≈
≈≈≈≈≈≈≈≈........≈≈
≈≈≈≈≈≈≈≈≈........≈≈
≈≈≈≈≈≈≈≈≈≈....#..≈≈≈≈..≈
≈≈≈≈≈≈≈≈≈≈≈≈≈...≈...≈...
≈≈≈≈≈≈.≈≈≈..≈≈≈≈≈≈...≈≈≈
≈≈≈≈≈≈≈≈≈≈≈.≈≈..≈≈≈..≈≈≈
≈≈≈≈≈≈w≈≈≈≈≈≈≈≈.≈≈..≈≈≈≈
≈≈≈≈≈≈wY≈..≈≈≈..≈≈......
≈≈≈≈≈≈Xww..≈.≈≈.≈≈≈.≈...
≈≈≈≈≈≈≈≈≈≈≈.....≈≈≈.....
≈≈≈≈≈≈≈≈≈≈≈≈≈≈..≈≈≈.....
≈≈≈≈≈≈≈≈≈≈≈≈≈≈≈≈≈≈)≈≈≈..
≈≈≈≈≈≈≈≈≈≈≈≈≈≈≈≈≈≈≈≈≈≈≈.
≈≈≈≈≈≈≈≈≈≈≈≈≈≈≈≈≈≈≈≈.≈≈.
≈≈≈≈≈≈≈≈≈≈≈≈≈≈≈≈≈≈≈≈≈≈≈.
≈≈≈≈≈≈≈≈≈≈≈≈≈≈≈≈≈...


You could see a kraken (slow) and 4 tentacles.

Vanquished Creatures
  Nikola (Snake:1)
  A lich (D:11)
  Louise (Shoals:1)
  An orc warlord (D:11)
  Nessos (Lair:6)
  A minotaur (Gauntlet)
  2 dire elephants (Lair:6)
  The ghost of dolemite99 the Grappler, a journeyman TrFi of Yredelemnul (Lair:1)
  A hell beast (Lair:6)
  An ice dragon (D:11)
  Harold (Lair:1)
  A great orb of eyes (Gauntlet)
  A boulder beetle (Lair:6)
  A salamander tyrant (Snake:1)
  A catoblepas (Lair:4)
  5 hydras
  2 merfolk aquamancers (Shoals:1)
  3 two-headed ogres
  A naga warrior (Snake:1)
  The ghost of zishaf the Wallflower, a journeyman VSBr of Uskayaw (D:11)
  A tengu warrior (D:11)
  12 death yaks
  A shock serpent (Snake:1)
  A salamander mystic (Snake:1)
  3 skeletal warriors (D:11)
  5 sea snakes (Shoals:1)
  A naga ritualist (Snake:1)
  A wizard (Lair:6)
  2 large abominations (Gauntlet)
  A necromancer (Lair:5)
  2 orc knights (Bailey)
  A mana viper (Snake:1)
  7 oklob plants
  4 fauns (Shoals:1)
  5 cyclopes
  2 manticores
  A wolf spider (Lair:4)
  A salamander (Snake:1)
  An ugly thing (Gauntlet)
  2 merfolk sirens (Shoals:1)
  12 black mambas
  An orange demon (Lair:6)
  12 elephants
  A smoke demon (Lair:6)
  4 torpor snails
  9 cane toads
  A minotaur zombie (Gauntlet)
  3 gargoyles (D:10)
  4 rime drakes (Lair:6)
  9 komodo dragons
  3 red devils (Lair:6)
  An ice devil (Lair:6)
  A hornet (Lair:4)
  3 merfolk (Shoals:1)
  A wolf spider simulacrum (D:11)
  28 blink frogs
  A wind drake (Lair:3)
  4 polar bears
  12 dream sheep
  Sigmund (D:2)
  2 vampires (D:11)
  A wraith (D:11)
  4 wyverns
  52 yaks
  6 basilisks
  A steam dragon (D:10)
  7 nagas
  17 water moccasins
  An acid dragon (D:11)
  5 hell hounds (Lair:6)
  5 orc warriors
  A sky beast (D:6)
  2 black bears
  2 elephant zombies (Lair:5)
  2 ogres
  3 ice beasts
  13 wolves
  4 centaurs
  A phantom (D:7)
  4 kobold brigands
  A komodo dragon zombie (Lair:5)
  2 necrophages
  A gnoll sergeant (D:9)
  3 scorpions
  15 bullfrogs
  4 wights (D:8)
  6 small abominations (Gauntlet)
  7 killer bees
  2 howler monkeys
  4 electric eels
  8 orc priests
  A basilisk zombie (Lair:5)
  3 hounds
  17 jellies
  2 gnoll shamans
  11 orc wizards
  3 iguanas
  A mummy (D:7)
  Robin (D:2)
  8 gnolls
  23 adders
  7 river rats (Sewer)
  3 white imps
  An ufetubus (D:7)
  2 worms (D:2)
  3 dart slugs
  62 orcs
  8 ball pythons
  4 bats (D:1)
  12 endoplasms
  5 giant cockroaches
  9 hobgoblins
  2 quokkas (D:1)
  8 frilled lizards
  15 goblins
  3 hobgoblin zombies (D:7)
  38 kobolds
  A kobold zombie (D:7)
  19 rats
651 creatures vanquished.

Vanquished Creatures (others)
  A hydra (Lair:6)
  A bush (Lair:4)
  A fire vortex (Lair:5)
  36 fungi
  88 plants
127 creatures vanquished.

Grand Total: 778 creatures vanquished

Notes
Turn   | Place    | Note
-------+----------+-------------------------------------------
     0 | D:1      | avis the Ogre Transmuter began the quest for the Orb.
     0 | D:1      | Reached XP level 1. HP: 19/19 MP: 3/3
    81 | D:1      | Got the Almanac of Unholy Rituals and Calling
   379 | D:1      | Reached XP level 2. HP: 27/28 MP: 3/5
   949 | D:1      | Reached XP level 3. HP: 35/35 MP: 4/6
  1125 | D:1      | Learned a level 3 spell: Spider Form
  1159 | D:1      | Found a faded altar of an unknown god.
  1643 | D:2      | Noticed Sigmund
  1655 | D:2      | Killed Sigmund
  1656 | D:2      | Reached skill level 1 in Poison Magic
  1656 | D:2      | Reached XP level 4. HP: 48/48 MP: 1/7
  1656 | D:2      | Reached XP level 5. HP: 54/54 MP: 1/8
  1751 | D:2      | Noticed Robin
  1762 | D:2      | Killed Robin
  1763 | D:2      | Reached XP level 6. HP: 38/62 MP: 3/9
  2771 | D:2      | Learned a level 4 spell: Ice Form
  2880 | D:3      | Reached skill level 5 in Unarmed Combat
  3086 | D:3      | Found Ablocene's Book Shop.
  3145 | D:3      | Found a glowing drain.
  3168 | D:3      | Reached XP level 7. HP: 58/71 MP: 7/10
  3176 | Sewer    | Entered a sewer
  3396 | Sewer    | Reached skill level 5 in Spellcasting
  3396 | Sewer    | Reached skill level 5 in Transmutations
  3396 | Sewer    | Reached skill level 5 in Ice Magic
  3396 | Sewer    | Reached XP level 8. HP: 91/91 MP: 10/15
  3400 | Sewer    | Learned a level 2 spell: Wereblood
  4414 | D:3      | Upgraded the game from 0.29-a0-392-g297d3b089c to
                  | 0.29-a0-393-g47a863cc1b
  4477 | D:4      | Identified the +3 rapier "Xievan" {venom, rC+ SInv}
  4971 | D:5      | Entered Level 5 of the Dungeon
  5329 | D:5      | Reached XP level 9. HP: 98/98 MP: 11/16
  5610 | D:5      | Found Askemp's Neck Hole.
  5874 | D:6      | Found a staircase to the Ecumenical Temple.
  5884 | Temple   | Entered the Ecumenical Temple
  6291 | Temple   | Became a worshipper of Gozag Ym Sagoz the Greedy
  6388 | D:6      | Learned a level 1 spell: Sting
  6414 | D:6      | Reached skill level 5 in Dodging
  6667 | D:6      | Noticed a cyclops
  6680 | D:6      | Killed a cyclops
  6986 | D:6      | Reached skill level 10 in Fighting
  7836 | D:7      | Reached XP level 10. HP: 110/110 MP: 12/17
  8994 | D:8      | Found a blossoming altar of Fedhas.
 10037 | D:9      | Noticed a two-headed ogre
 10060 | D:9      | Reached skill level 1 in Shields
 10084 | D:9      | Killed a two-headed ogre
 10085 | D:9      | Reached skill level 10 in Unarmed Combat
 10623 | D:3      | Bought a manual of Unarmed Combat for 960 gold pieces
 11000 | D:9      | Reached XP level 11. HP: 117/120 MP: 14/18
 11204 | D:10     | Entered Level 10 of the Dungeon
 11362 | D:10     | Found a flagged portal.
 11371 | Bailey   | Entered a bailey
 11490 | Bailey   | Noticed an orc knight
 11559 | Bailey   | Noticed an orc knight
 11583 | Bailey   | Killed an orc knight
 12113 | Bailey   | Killed an orc knight
 13549 | D:5      | Bought an amulet of regeneration for 330 gold pieces
 13628 | D:3      | Bought a book of Burglary for 240 gold pieces
 13631 | D:3      | Learned a level 2 spell: Passwall
 13847 | D:11     | Found a staircase to the Lair.
 13849 | D:11     | Noticed an oklob plant
 13849 | D:11     | Noticed a cyclops
 13858 | D:11     | Killed a cyclops
 13863 | D:11     | Noticed an oklob plant
 13884 | D:11     | Killed an oklob plant
 13890 | D:11     | Killed an oklob plant
 13986 | D:11     | Noticed a skeletal warrior
 13989 | D:11     | Noticed zishaf's ghost (journeyman VSBr)
 13989 | D:11     | Noticed a lich
 13989 | D:11     | Noticed a tengu warrior
 13989 | D:11     | Noticed a skeletal warrior
 13990 | D:11     | Noticed a skeletal warrior
 13990 | D:11     | Noticed a necromancer
 13991 | D:11     | Noticed an orc warlord
 13994 | D:11     | Noticed an ice dragon
 14173 | D:11     | Noticed a cyclops
 14178 | D:11     | Noticed a two-headed ogre
 14180 | D:11     | Killed a cyclops
 14183 | D:11     | Killed a two-headed ogre
 14211 | D:11     | Noticed a two-headed ogre
 14218 | D:11     | Killed a two-headed ogre
 14219 | D:11     | Reached XP level 12. HP: 133/133 MP: 19/19
 14285 | D:11     | Found a staircase to the Orcish Mines.
 14307 | D:11     | Found a runed translucent door.
 14319 | D:11     | Found a runed translucent door.
 14640 | Lair:1   | Entered Level 1 of the Lair of Beasts
 14850 | Lair:1   | Found a runed translucent door.
 14855 | Lair:1   | Noticed dolemite99's ghost (journeyman TrFi)
 14896 | Lair:1   | Reached skill level 5 in Shields
 15308 | Lair:1   | Noticed Harold
 15319 | Lair:1   | Killed Harold
 16840 | Lair:2   | Identified the ring of Qoatzuuth {rC+ Str+3 Int+4}
 17024 | Lair:2   | Noticed a five-headed hydra
 17032 | Lair:2   | Killed a five-headed hydra
 17255 | Lair:2   | Reached skill level 15 in Unarmed Combat
 17787 | Lair:3   | Found a staircase to the Snake Pit.
 17929 | Lair:3   | Noticed a death yak
 17930 | Lair:3   | Reached XP level 13. HP: 146/146 MP: 20/20
 18552 | Lair:3   | Found a staircase to the Shoals.
 19634 | Lair:4   | Reached skill level 15 in Fighting
 20779 | Lair:5   | Found a staircase to the Slime Pits.
 20814 | Lair:5   | Reached XP level 14. HP: 159/159 MP: 21/21
 20819 | Lair:5   | Reached skill level 10 in Shields
 21088 | Lair:5   | Learned a level 3 spell: Ignite Poison
 21276 | Lair:5   | Found a glowing golden altar of the Shining One.
 21308 | Lair:5   | Reached skill level 1 in Throwing
 22041 | Lair:6   | Entered Level 6 of the Lair of Beasts
 22067 | Slime:1  | Entered Level 1 of the Pits of Slime
 22170 | Lair:6   | Found a gate leading to a gauntlet.
 22179 | Gauntlet | Entered a Gauntlet
 22179 | Gauntlet | Found a transporter.
 22179 | Gauntlet | Found a transporter.
 22191 | Gauntlet | Found a transporter.
 22205 | Gauntlet | Found a large runed translucent door.
 22206 | Gauntlet | Found a large runed translucent door.
 22206 | Gauntlet | Found a large runed translucent door.
 22206 | Gauntlet | Found a large runed translucent door.
 22207 | Gauntlet | Found a large runed translucent door.
 22207 | Gauntlet | Found a large runed translucent door.
 22207 | Gauntlet | Found a large runed translucent door.
 22207 | Gauntlet | Found a large runed translucent door.
 22208 | Gauntlet | Found a runed translucent door.
 22208 | Gauntlet | Found a runed translucent gate.
 22209 | Gauntlet | Found a transporter.
 22209 | Gauntlet | Found a transporter.
 22209 | Gauntlet | Found a runed translucent gate.
 22210 | Gauntlet | Found a runed translucent door.
 22210 | Gauntlet | Found a runed translucent gate.
 22211 | Gauntlet | Found a transporter.
 22214 | Gauntlet | Found a transporter.
 22214 | Gauntlet | Found a transporter.
 22218 | Gauntlet | Found a runed translucent door.
 22218 | Gauntlet | Noticed a quicksilver ooze
 22230 | Gauntlet | Found a transporter.
 22245 | Gauntlet | Found a transporter.
 22247 | Gauntlet | Found a runed translucent door.
 22270 | Gauntlet | Found a transporter.
 22275 | Gauntlet | Found a transporter.
 22312 | Gauntlet | Found a large runed translucent door.
 22313 | Gauntlet | Found a large runed translucent door.
 22313 | Gauntlet | Found a large runed translucent door.
 22314 | Gauntlet | Found a large runed translucent door.
 22314 | Gauntlet | Found a large runed translucent door.
 22314 | Gauntlet | Found a large runed translucent door.
 22314 | Gauntlet | Found a large runed translucent door.
 22318 | Gauntlet | Found a large runed translucent door.
 22323 | Gauntlet | Found a transporter.
 22338 | Gauntlet | Found a transporter.
 22693 | Gauntlet | Identified the amulet of Incredulity {Acrobat Rampage
                  | Fragile rElec rC+}
 22724 | Gauntlet | Identified the +7 shortbow of Mutilation {vorpal, +Blink
                  | Will+ Stlth+}
 23658 | Lair:6   | Noticed Nessos
 23671 | Lair:6   | Reached XP level 15. HP: 171/171 MP: 25/25
 23728 | Lair:6   | Killed Nessos
 23936 | Lair:6   | Cast into level 2 of the Abyss (a wizard)
 23955 | Lair:6   | Escaped the Abyss
 23966 | Lair:6   | Found a burning altar of Makhleb.
 23974 | Lair:6   | Reached skill level 5 in Throwing
 24151 | Lair:6   | Found a gateway to Hell.
 24627 | Lair:1   | Killed dolemite99's ghost
 24808 | D:11     | Killed an orc warlord
 24930 | D:11     | Killed zishaf's ghost
 24941 | D:11     | Killed a lich
 24984 | D:11     | Identified the ring of Kadwi {Fire rPois rCorr}
 25131 | Snake:1  | Entered Level 1 of the Snake Pit
 25713 | Snake:1  | Reached skill level 1 in Earth Magic
 26066 | Snake:1  | Noticed Nikola
 26078 | Snake:1  | Killed Nikola
 26829 | Snake:1  | Identified the ring "Koli" {rC+ MP+9 Str+3}
 27123 | Shoals:1 | Entered Level 1 of the Shoals
 27489 | Shoals:1 | Noticed Louise
 27503 | Shoals:1 | Killed Louise
 27549 | Shoals:1 | Reached XP level 16. HP: 185/185 MP: 26/26
 27638 | Shoals:1 | Noticed a kraken
 27653 | Shoals:1 | HP: 16/332 [tentacle[a kraken] (14)]
 27653 | Shoals:1 | HP: 4/332 [kraken (8)]
 27654 | Shoals:1 | Slain by a tentacle

Illustrated notes

Levels and vault maps discovered:
D:1:      dpeg_arrival_stonehenge_8_columns, layout_loops_ring,
          hellmonk_ecumenical_altar_leap_of_faith
D:2:      layout_loops_ring, uniq_robin, uniq_sigmund
D:3:      cheibrodos_thug_alley, layout_rooms, serial_shops,
          nicolae_shop_hallway_stairs, gup_sewer_entry_glass
D:4:      layout_rooms
D:5:      layout_loops_ring, nicolae_shop_sticking_my_neck_out
D:6:      minmay_opposing_rooms, layout_basic, minmay_temple_entry_purple_smoke
D:7:      layout_loops_corners, dreamdust_princess_bridge,
          minmay_misc_feat_columns, minmay_mini_ossuary
D:8:      layout_rooms, mainiacjoe_overflow_chevrons, grunt_ministairs_2
D:9:      layout_rooms
D:10:     layout_loops_corners, enter_bailey_2
D:11:     layout_basic, dpeg_oklobed_lair, orc_0_dummy,
          muffindrake_ghost_dual_entry
Temple:   roderic_octagonal_lattice_temple
Lair:1:   layout_layer_cave, ebering_ghost_reflecting_pool, lemuel_old_faithful,
          uniq_harold
Lair:2:   layout_gridlike, minmay_hedge_maze, grunt_megastairs_5
Lair:3:   layout_roguey, minmay_shoals_entry_beasts,
          minmay_snake_entry_guardpost_small, chequers_serial_rivers_micro_e,
          serial_bayou_shore_b, serial_bayou_shore_b, serial_bayou_shore_a
Lair:4:   minmay_lair_venomous_thicket, layout_cave_shapes
Lair:5:   pond_and_an_island_with_a_cottage, layout_gridlike,
          minmay_slime_entry_jelly_boxes, chequers_serial_rivers_small_a,
          lemuel_oklob_altar
Lair:6:   evil_forest, layout_regular_city, gauntlet_entry_generic, uniq_nessos
Shoals:1: cheibrodos_shoals_three_sisters, layout_shoals,
          nicolae_shoals_flooded_hall, uniq_louise
Snake:1:  dpeg_oklob_gauntlet, layout_chambers, uniq_nikola
Slime:1:  layout_caves

Skill      XL: |  1  2  3  4  5  6  7  8  9 10 11 12 13 14 15 16 |
---------------+-------------------------------------------------+-----
Dodging        | 2 4 5 |  5.0
Unarmed Combat | 3 4 5 7 8 9 10 13 15 16 18 | 18.1
Fighting       | 2 3 4 8 9 10 11 12 14 15 16 17 18 | 18.0
Transmutations | 2 5 6 |  6.0
Poison Magic   | 1 2 |  2.0
Spellcasting   | 5 7 |  7.0
Ice Magic      | 5 |  5.0
Shields        | 2 4 7 9 10 | 10.0
Throwing       | 4 7 |  7.1
Earth Magic    | 1 |  1.0

Action                   |  1- 3 |  4- 6 |  7- 9 | 10-12 | 13-15 | 16-18 || total
-------------------------+-------+-------+-------+-------+-------+-------++-------
Melee: Unarmed           |    98 |   101 |   263 |   493 |   742 |    25 ||  1722
       Kick              |    15 |     3 |     5 |       |       |       ||    23
       Headbutt          |     7 |     2 |       |       |       |       ||     9
       Punch             |     2 |     2 |     1 |     3 |       |       ||     8
 Fire: Hand crossbow     |       |       |     2 |       |       |       ||     2
       Arbalest          |       |       |       |    11 |       |       ||    11
Throw: Large rock        |       |       |       |       |     1 |       ||     1
 Cast: Beastly Appendage |    26 |     6 |     3 |       |       |       ||    35
       Spider Form       |     1 |    14 |     9 |     1 |       |       ||    25
       Ice Form          |       |       |    27 |    63 |    79 |     1 ||   170
       Sting             |       |       |     1 |       |       |       ||     1
       Wereblood         |       |       |       |     1 |     1 |       ||     2
       Passwall          |       |       |       |       |     5 |       ||     5
Invok: Potion Petition   |       |       |       |       |     2 |     1 ||     3
 Abil: End Transformatio |       |     1 |     1 |     1 |     7 |       ||    10
Evoke: Wand              |       |       |       |     4 |    19 |       ||    23
  Use: Scroll            |       |     2 |    12 |    10 |     8 |       ||    32
       Potion            |       |     1 |     1 |     5 |    12 |     1 ||    20
 Stab: Paralysed         |       |       |       |     4 |       |       ||     4
       Invisible         |       |       |       |     3 |     3 |       ||     6
       Distracted        |       |       |       |       |     8 |       ||     8
Armor: Robe              |    23 |     2 |     6 |       |       |       ||    31
       Skin              |       |    13 |    41 |   102 |   135 |     6 ||   297
Dodge: Dodged            |    37 |    66 |   127 |   315 |   261 |    11 ||   817
Block: Kite shield       |       |       |       |       |    17 |       ||    17

Table legend: (Time is in decaauts)
 A = Elapsed time spent in this place.
 B = Non-inter-level travel time spent in this place.
 C = Inter-level travel time spent in this place.
 D = Time resting spent in this place.
 E = Time spent auto-exploring this place.
 F = Levels seen in this place.
 G = Mean time per level.
                   A        B        C        D        E       F      G
               +--------+--------+--------+--------+--------+-----+--------+
         Total |  27337 |  23502 |   3835 |   4176 |  10891 |  25 | 1093.5 |
       Dungeon |  13170 |  11029 |   2141 |   2199 |   5653 |  11 | 1197.3 |
        Temple |    492 |    419 |     73 |      0 |    343 |   1 |  492.0 |
          Lair |   9375 |   7842 |   1533 |    899 |   4158 |   6 | 1562.5 |
        Shoals |    367 |    367 |      0 |      0 |      0 |   1 |  367.0 |
     Snake Pit |   1808 |   1721 |     87 |    357 |    555 |   1 | 1808.0 |
    Slime Pits |      1 |      1 |      0 |      0 |      0 |   1 |    1.0 |
         Abyss |     18 |     18 |      0 |      0 |      0 |   1 |   18.0 |
         Sewer |    670 |    670 |      0 |    176 |    166 |   1 |  670.0 |
        Bailey |    861 |    861 |      0 |    453 |      5 |   1 |  861.0 |
      Gauntlet |    570 |    570 |      0 |     92 |     11 |   1 |  570.0 |
               +--------+--------+--------+--------+--------+-----+--------+

Top non-repeatable levels by time:
  Lair:1: 2173 daAuts
 Snake:1: 1808 daAuts
     D:6: 1637 daAuts
     D:7: 1558 daAuts
  Lair:6: 1541 daAuts
     D:1: 1509 daAuts
  Lair:3: 1487 daAuts
  Lair:5: 1461 daAuts
     D:2: 1457 daAuts
    D:10: 1449 daAuts
     D:8: 1433 daAuts
  Lair:4: 1367 daAuts
  Lair:2: 1344 daAuts
    D:11: 1108 daAuts
  Bailey: 861 daAuts
